 Dungeon Crawl Stone Soup version 0.29.1-15-g9cfb28693d (webtiles) character file.

Game seed: 17188893143022946156

157158 LLlMATKO the Warrior (level 17, -1/159 HPs)
             Began as a Minotaur Berserker on Apr 27, 2023.
             Was a High Priest of Trog.
             Hit by a silver javelin thrown by a merfolk javelineer (7 damage)
             ... on level 4 of the Shoals.
             The game lasted 00:54:15 (38963 turns).

LLlMATKO the Warrior (Minotaur Berserker)          Turns: 38963, Time: 00:54:16

Health: -1/159     AC: 28    Str: 27    XL:     17   Next: 11%
Magic:  0/25       EV: 19    Int:  1    God:    Trog [*****.]
Gold:   2996       SH: 10    Dex: 17    Spells: 16/16 levels left

rFire   + . .      SeeInvis .   o - +7 hammer "Datriume" {speed, rPois rF+ Int-3 Dex+4}
rCold   + + .      Faith    .   F - +2 buckler {reflect}
rNeg    . . .      Spirit   +   t - +3 plate armour
rPois   +          Reflect  +   (helmet restricted)
rElec   .          Harm     .   e - +0 cloak
rCorr   .          Rampage  .   w - +1 pair of gloves of Gople {rC++ Will+ MP+9}
Will    +++..                   n - +2 pair of boots
Stlth   ..........              a - amulet of guardian spirit
HPRegen 0.36/turn               K - +4 ring of evasion
MPRegen 0.19/turn               N - ring of willpower

@: lethally poisoned (-1 -> -5), very slow
A: horns 2, retaliatory headbutt
a: Renounce Religion, Berserk, Trog's Hand, Brothers in Arms


You were on level 4 of the Shoals.
You worshipped Trog.
Trog was extremely pleased with you.
You visited 4 branches of the dungeon, and saw 26 of its levels.
You visited the Abyss 1 time.
You also visited: Bailey and Gauntlet.

You collected 2996 gold pieces.

Inventory:

Hand Weapons
 b - a +2 war axe of flaming
 o - the +7 hammer "Datriume" (weapon) {speed, rPois rF+ Int-3 Dex+4}
   (You found it on level 2 of the Dungeon)

   Attacks with this weapon are significantly faster.
   Int:       It affects your intelligence (-3).
   Dex:       It affects your dexterity (+4).
   rF:        It protects you from fire.
   rPois:     It protects you from poison.
Missiles
 g - 13 javelins
 s - 35 poisoned darts
 y - 8 atropa-tipped darts
 z - 7 silver javelins
 A - 21 boomerangs (quivered)
 B - 6 throwing nets
 E - 8 curare-tipped darts
 I - 4 datura-tipped darts
Armour
 e - a +0 cloak (worn)
 n - a +2 pair of boots (worn)
 t - a +3 plate armour (worn)
 w - the +1 pair of gloves of Gople (worn) {rC++ Will+ MP+9}
   (You acquired it on level 2 of the Shoals)

   rC:        It greatly protects you from cold.
   MP:        It affects your magic capacity (+9).
   Will:      It increases your willpower.
 F - a +2 buckler of reflection (worn)
 O - the +4 acid dragon scales "Zyugos" {rElec rCorr}
   (You took it off a minotaur in a Gauntlet)

   rElec:     It insulates you from electricity.
   rCorr:     It protects you from acid and corrosion.
Jewellery
 a - an amulet of guardian spirit (around neck)
 d - the ring of Ipuimp {Dex+2 SInv}
   (You found it on level 14 of the Dungeon)

   [ring of see invisible]

   Dex:       It affects your dexterity (+2).
   SInv:      It lets you see invisible.
 r - a ring of protection from fire
 u - a ring of flight
 v - a ring of protection from fire
 C - a +6 ring of dexterity
 K - a +4 ring of evasion (left hand)
 N - a ring of willpower (right hand)
 Q - the ring "Gainus" {Drain rF+++ rN+ Will+ Str-5}
   (You found it in a Gauntlet)

   [ring of willpower]

   Str:       It affects your strength (-5).
   rF:        It renders you almost immune to fire.
   rN:        It protects you from negative energy.
   Drain:     It drains your maximum health when unequipped.
   Will:      It increases your willpower.
 Z - a +6 ring of intelligence
Wands
 h - a wand of acid (10)
 i - a wand of charming (3)
 q - a wand of polymorph (6)
 J - a wand of iceblast (16)
 L - a wand of flame (31)
 M - a wand of digging (4)
Scrolls
 j - 10 scrolls of poison
 l - 3 scrolls of enchant weapon
 p - 19 scrolls of identify
 x - 4 scrolls of fear
 G - 2 scrolls of summoning
 P - 3 scrolls of fog
 R - 4 scrolls of blinking
 T - a scroll of enchant armour
Potions
 c - 18 potions of curing
 f - 7 potions of haste
 k - 4 potions of flight
 m - a potion of invisibility
 D - 6 potions of heal wounds
 H - 3 potions of cancellation
 U - a potion of ambrosia
 V - 4 potions of might
 W - a potion of magic {unknown}
 X - 2 potions of resistance
 Y - 2 potions of berserk rage


   Skills:
 + Level 16.4 Fighting
 - Level 4.4(11.2) Axes
 + Level 15.7(16.0) Maces & Flails
 + Level 14.8 Throwing
 + Level 16.1 Armour
 + Level 14.9 Dodging
 + Level 15.0 Shields


You had 16 spell levels left.
You didn't know any spells.
Your spell library was empty.

Dungeon Overview and Level Annotations

Branches:
Dungeon (15/15)            Temple (0/1) D:7            Lair (5/5) D:9
 Shoals (4/4) Lair:2       Spider (0/4) Lair:3        Slime (0/5) Lair:4
    Orc (2/2) D:9             Elf (0/3) Orc:2        Vaults (0/5) D:13
 Depths (0/4) D:15         Bailey (visited)         Gauntlet (visited)

Altars:
Ashenzari
Elyvilon
Fedhas
Gozag
Hepliaklqana
Kikubaaqudgha
Nemelex Xobeh
Qazlal
Ru
Trog
Wu Jian
Xom
Yredelemnul
Zin
Jiyva
Lugonu

Shops:
D:4 (   Orc:2 ![[?

Portals:
Abyss: D:12 Lair:5
Bazaar: Shoals:1

Annotations:
D:14 2 transporters
D:15 2 transporters, Baenteb's ghost, journeyman HOFi; Odia's ghost, journeyman TeBr


Innate Abilities, Weirdness & Mutations

You have a pair of horns on your head.
You reflexively headbutt those who attack you in melee.


Message History

You block the merfolk's attack.
The manticore flicks its tail.
The volley of spikes misses you.
As you read the scroll of teleportation, it crumbles to dust.
You feel strangely unstable.
An air elemental comes into view.
The manticore flicks its tail.
The volley of spikes misses you.
The merfolk hits you but does no damage.
The air elemental moves out of view.
A manticore comes into view.
The merfolk hits you from afar with a +0 trident!
* * * LOW HITPOINT WARNING * * *
Your surroundings suddenly seem different.
A titan and a merfolk impaler come into view.
The merfolk impaler is wielding a +1 demon trident of venom.
Found a runed trident and a manual of Evocations.
A water nymph comes into view.
The merfolk impaler hits you but does no damage. x2
As you read the scroll of teleportation, it crumbles to dust.
You feel strangely unstable. The merfolk impaler closely misses you.
The merfolk impaler hits you from afar with a +1 demon trident of venom!
* * * LOW HITPOINT WARNING * * *
You are poisoned.
Unknown command.
You feel very sick.
You feel very sick.
Your surroundings suddenly seem different.
Splash!
You fall into the shallow water.
Moving in this stuff is going to be slow.
Found a trident, a condenser vane and a barnacled rune of Zot.
You feel sick.
The merfolk javelineer throws a silver javelin.
The silver javelin pierces through you!!
* * * LOW HITPOINT WARNING * * *
x2 You feel sick.
The merfolk javelineer throws a silver javelin.
The silver javelin pierces through you!
You die...

#~~.....H####~.....~
.#...##~.....~~~##m.......
~~~..##..####~~~.....####.
..# ~~~..#...#~~~~~~......
..~~
~~~..#...#~.m..~.......
..~~
~#~~.#...#.~####~~####m.
.~~.
~.~#.#...m..##~~~~~~##...
. ~~
~#~~.#...C..#~~~~~~~~#
.~~#
~..~.#.#....#~~#@~#~~#
.~~~
~##~.'.##...~~~):)}~~~..
#.
~.#~.'.##...~~~~~~φ~~~..
.~~#
.#~~.#.#....#~~#~~#~~#..
.~~~
~~~~.#......#~~~~~~~~# .
.~~#
~#~#.#......##~~~~~~## .
~~ ~~~#.#...#..####~~##
.~~~ ~~~..#...#~.. .~~.
.?~~ ~~~..#...# ..~~


You could see a merfolk javelineer.

Vanquished Creatures
  Saint Roka (Orc:2)
  Rupert (D:13)
  Polyphemus (Shoals:2)
  A frost giant (D:15)
  An orc warlord (Orc:1)
  A cacodemon (D:12)
  A very ugly thing (D:12)
  2 slime creatures (D:11)
  The ghost of p0werm0de the Blocker, a journeyman MiFi of Gozag (D:12)
  Azrael (D:14)
  Nessos (Orc:2)
  2 merfolk javelineers (Shoals:4)
  A fire dragon (D:15)
  Josephine (Lair:5)
  A fire dragon (shapeshifter) (D:15)
  7 merfolk impalers
  4 boulder beetles
  6 hydras
  An ice dragon (D:15)
  A vault guard (D:13)
  4 centaur warriors
  4 alligator snapping turtles
  An ogre mage (D:15)
  2 catoblepae
  Erica (D:9)
  A death knight (D:15)
  3 merfolk aquamancers
  2 merfolk avatars
  2 hell hogs
  4 tengu warriors
  8 two-headed ogres
  2 satyrs
  3 death yaks (Shoals:2)
  3 orc high priests (Orc:2)
  4 thrashing horrors (Lair:5)
  10 sea snakes
  A deep troll (D:15)
  A phantasmal warrior (D:15)
  4 wizards
  7 orc knights
  An oklob plant (Lair:4)
  A lindwurm (Lair:5)
  A harpy (Shoals:4)
  7 fauns (Shoals:1)
  20 ugly things
  14 manticores
  8 orc sorcerers
  12 cyclopes
  A worldbinder (D:12)
  A black mamba (Lair:2)
  22 elephants
  An ice statue (Gauntlet)
  7 merfolk sirens
  A guardian serpent (shapeshifter) (Lair:5)
  8 water nymphs
  5 cane toads
  A smoke demon (Gauntlet)
  2 gargoyles (D:12)
  A komodo dragon (shapeshifter) (Lair:5)
  2 unseen horrors (D:11)
  An efreet (D:14)
  2 kobold demonologists (D:11)
  A tengu conjurer (D:14)
  10 komodo dragons
  3 rime drakes
  2 freezing wraiths (D:15)
  3 ancient zymes
  18 merfolk
  A red devil (Gauntlet)
  8 wind drakes
  2 polar bears
  2 trolls (Orc:2)
  A large abomination (Lair:5)
  A wolf spider simulacrum (D:13)
  32 blink frogs
  A jumping spider (D:15)
  9 snapping turtles
  A centaur simulacrum (D:13)
  9 dream sheep
  A spriggan (Lair:5)
  9 small abominations (Lair:5)
  3 ynoxinuls (Lair:5)
  6 air elementals (Shoals:4)
  3 shadows
  A vampire (D:13)
  23 water elementals
  4 wyverns
  6 wraiths
  5 fire elementals (D:14)
  38 yaks
  2 chaos spawn (Lair:5)
  4 fire bats (Gauntlet)
  8 vampire mosquitoes
  6 basilisks
  5 redbacks (D:15)
  2 wargs
  2 acid dragons (D:10)
  A swamp worm (shapeshifter) (D:14)
  Duvessa (D:7)
  5 hell hounds
  A swamp drake (shapeshifter) (D:15)
  9 water moccasins
  A meliai simulacrum (D:15)
  45 orc warriors
  A black bear (D:6)
  An ice beast (shapeshifter) (Lair:5)
  5 ice beasts
  A sky beast (D:7)
  4 ogres
  9 centaurs
  2 boggarts (D:14)
  10 wolves
  7 kobold brigands
  A necrophage (D:6)
  5 bullfrogs
  A scorpion (D:4)
  7 wights
  Dowan (D:7)
  14 killer bees
  6 howler monkeys
  An electric eel (D:13)
  3 crimson imps (Gauntlet)
  5 hounds
  A gnoll bouda (D:7)
  19 orc priests
  Crazy Yiuf (D:2)
  A jelly (D:6)
  Jessica (D:2)
  28 orc wizards
  5 iguanas
  A boggart simulacrum (D:13)
  19 gnolls
  5 adders
  11 white imps
  4 ufetubi
  A dart slug (D:1)
  89 orcs
  6 endoplasms
  A giant cockroach (D:1)
  4 goblins
  9 hobgoblins
  8 jackals
  31 kobolds
  4 quokkas
  3 training dummies (D:4)
  5 ball pythons
  6 bats
  10 frilled lizards
  4 rats
878 creatures vanquished.

Vanquished Creatures (collateral kills)
  A minotaur (Gauntlet)
  A two-headed ogre (D:9)
  2 large abominations (D:12)
  A centaur (D:9)
5 creatures vanquished.

Vanquished Creatures (others)
  A boggart (D:14)
  A gnoll (Orc:1)
  An orc (D:4)
  4 demonic plants (Gauntlet)
  23 fungi
  37 plants
67 creatures vanquished.

Grand Total: 950 creatures vanquished

Notes
Turn   | Place    | Note
-------+----------+-------------------------------------------
     0 | D:1      | LLlMATKO the Minotaur Berserker began the quest for the
                  | Orb.
     0 | D:1      | Reached XP level 1. HP: 19/19 MP: 0/0
   382 | D:1      | Reached XP level 2. HP: 21/27 MP: 1/1
  1079 | D:1      | Reached XP level 3. HP: 33/33 MP: 2/2
  1240 | D:2      | Noticed Jessica
  1246 | D:2      | Killed Jessica
  1249 | D:2      | Reached ** piety under Trog
  1424 | D:2      | Reached XP level 4. HP: 37/41 MP: 3/3
  1715 | D:2      | Found a runed translucent door.
  1716 | D:2      | Noticed Crazy Yiuf
  1724 | D:2      | Killed Crazy Yiuf
  1727 | D:2      | Identified the +7 hammer "Datriume" {speed, rPois rF+ Int-3
                  | Dex+4}
  2102 | D:3      | Found a basalt altar of Yredelemnul.
  2184 | D:3      | Found a white marble altar of Elyvilon.
  2330 | D:3      | Reached XP level 5. HP: 35/47 MP: 4/4
  2332 | D:3      | Reached skill level 1 in Maces & Flails
  2505 | D:3      | Found a hazy altar of Hepliaklqana.
  2664 | D:3      | Found a faded altar of an unknown god.
  2692 | D:4      | Reached skill level 5 in Fighting
  2716 | D:4      | Found Fipheuju's Firing Range.
  2775 | D:4      | Reached *** piety under Trog
  2779 | D:4      | Reached XP level 6. HP: 56/56 MP: 5/5
  3373 | D:4      | Reached skill level 5 in Armour
  3373 | D:4      | Reached XP level 7. HP: 32/62 MP: 6/6
  3809 | D:5      | Entered Level 5 of the Dungeon
  4302 | D:5      | Reached skill level 5 in Dodging
  4964 | D:6      | Reached skill level 1 in Shields
  5035 | D:6      | Reached XP level 8. HP: 64/71 MP: 7/7
  5049 | D:6      | Reached **** piety under Trog
  5699 | D:7      | Found a broken altar of Ashenzari.
  5747 | D:7      | Found an ornate altar of the Wu Jian Council.
  5755 | D:7      | Noticed Duvessa
  5755 | D:7      | Noticed Dowan
  5763 | D:7      | Killed Duvessa
  5764 | D:7      | Reached skill level 5 in Maces & Flails
  5766 | D:7      | Killed Dowan
  5917 | D:7      | Found a staircase to the Ecumenical Temple.
  6040 | D:7      | Found a sacrificial altar of Ru.
  6092 | D:7      | Found a glowing silver altar of Zin.
  6093 | D:7      | Found an opulent altar of Gozag.
  6772 | D:8      | Reached XP level 9. HP: 69/80 MP: 8/8
  6789 | D:8      | Noticed a two-headed ogre
  6798 | D:8      | Killed a two-headed ogre
  7196 | D:8      | Reached skill level 5 in Shields
  7793 | D:9      | Identified a scroll of acquirement
  7793 | D:9      | Acquired a manual of Throwing
  7821 | D:9      | Noticed a two-headed ogre
  7829 | D:9      | Killed a two-headed ogre
  7830 | D:9      | Reached skill level 1 in Throwing
  7830 | D:9      | Reached XP level 10. HP: 80/90 MP: 9/9
  7857 | D:9      | Found a shimmering altar of Xom.
  7883 | D:9      | Noticed a two-headed ogre
  7890 | D:9      | Killed a two-headed ogre
  7968 | D:9      | Noticed Erica
  7979 | D:9      | Killed Erica
  8003 | D:9      | Found a staircase to the Lair.
  8041 | D:9      | Found a flagged portal.
  8047 | D:9      | Reached ***** piety under Trog
  8058 | Bailey   | Entered a bailey
  8282 | Bailey   | Reached skill level 5 in Throwing
  8433 | Bailey   | Found a burning altar of Makhleb.
  8928 | D:9      | Found a staircase to the Orcish Mines.
 10009 | D:10     | Entered Level 10 of the Dungeon
 10220 | D:10     | Reached XP level 11. HP: 90/99 MP: 10/10
 10243 | D:10     | Reached skill level 10 in Fighting
 10987 | D:11     | Noticed a four-headed hydra
 10997 | D:11     | Killed a four-headed hydra
 11051 | D:11     | Reached skill level 10 in Armour
 11391 | D:11     | Noticed a two-headed ogre
 11400 | D:11     | Killed a two-headed ogre
 11578 | D:11     | Found an ancient bone altar of Kikubaaqudgha.
 11579 | D:11     | Noticed a six-headed hydra
 11585 | D:11     | Killed a six-headed hydra
 12049 | D:12     | Found a transporter.
 12052 | D:12     | Noticed a two-headed ogre
 12072 | D:12     | Killed a two-headed ogre
 12090 | D:12     | Noticed a two-headed ogre
 12096 | D:12     | Killed a two-headed ogre
 12103 | D:12     | Noticed a hell hog
 12103 | D:12     | Noticed a red ugly thing
 12112 | D:12     | Killed a red ugly thing
 12113 | D:12     | Noticed a cacodemon
 12114 | D:12     | Noticed a purple very ugly thing
 12114 | D:12     | Noticed p0werm0de's ghost (journeyman MiFi)
 12115 | D:12     | Noticed an orc knight
 12150 | D:12     | Found a transporter.
 12219 | D:12     | Noticed a boulder beetle
 12245 | D:12     | Killed a boulder beetle
 12246 | D:12     | Reached skill level 10 in Maces & Flails
 12246 | D:12     | Reached XP level 12. HP: 104/110 MP: 11/11
 12434 | D:12     | Noticed a two-headed ogre
 12443 | D:12     | Killed a two-headed ogre
 12536 | D:12     | Reached skill level 10 in Dodging
 12690 | D:12     | Found a one-way gate to the infinite horrors of the Abyss.
 12704 | D:13     | Noticed a two-headed ogre
 12711 | D:13     | Killed a two-headed ogre
 12737 | D:13     | Received a gift from Trog
 12763 | D:13     | Noticed a two-headed ogre
 12769 | D:13     | Killed a two-headed ogre
 12807 | D:13     | Noticed a centaur warrior
 12817 | D:13     | Killed a centaur warrior
 12947 | D:13     | Noticed a boulder beetle
 12974 | D:13     | Killed a boulder beetle
 13269 | D:13     | Noticed a tengu warrior
 13270 | D:13     | Noticed a tengu warrior
 13278 | D:13     | Killed a tengu warrior
 13283 | D:13     | Killed a tengu warrior
 13542 | D:13     | Noticed a centaur warrior
 13731 | D:13     | Killed a centaur warrior
 13996 | D:13     | Reached skill level 10 in Shields
 14068 | D:13     | Noticed a seven-headed hydra
 14074 | D:13     | Killed a seven-headed hydra
 14146 | D:13     | Noticed Rupert
 14179 | D:13     | Killed Rupert
 14180 | D:13     | Reached skill level 10 in Throwing
 14578 | D:13     | Noticed a vault guard
 14591 | D:13     | Killed a vault guard
 14594 | D:13     | Found a gate to the Vaults.
 14697 | D:13     | Found a gate to the Vaults.
 15438 | D:14     | Noticed a six-headed hydra
 15442 | D:14     | Reached XP level 13. HP: 118/118 MP: 10/12
 15587 | Lair:1   | Entered Level 1 of the Lair of Beasts
 16110 | Lair:1   | Received a gift from Trog
 16131 | Lair:1   | Identified the +9 spear of Hatiruh {pain, rCorr Str+4 Dex-4
                  | SInv}
 16152 | Lair:1   | Acquired the +1 pair of gloves "Gocecs" {Str+4 Int+7}
 17103 | Lair:2   | Found a staircase to the Shoals.
 17309 | Lair:2   | Identified the +4 rapier of Eternal Vigilance {flame, rElec
                  | rC+ Dex-5}
 17903 | Lair:2   | Found a staircase to the Shoals.
 18812 | Lair:3   | Found a hole to the Spider Nest.
 19219 | Lair:3   | Received a gift from Trog
 19494 | Lair:4   | Reached XP level 14. HP: 129/129 MP: 13/13
 19850 | Lair:4   | Found a viscous altar of Jiyva.
 19855 | Lair:4   | Found a staircase to the Slime Pits.
 20087 | Lair:5   | Entered Level 5 of the Lair of Beasts
 20412 | Lair:5   | Noticed Josephine
 20436 | Lair:5   | Killed Josephine
 21296 | Lair:5   | Received a gift from Trog
 21965 | Lair:5   | Found a corrupted altar of Lugonu.
 22975 | Lair:5   | Found a corrupted altar of Lugonu.
 23332 | Orc:1    | Entered Level 1 of the Orcish Mines
 23390 | Orc:1    | Noticed an orc warlord
 23404 | Orc:1    | Killed an orc warlord
 23448 | Orc:1    | Paralysed by an orc sorcerer for 2 turns
 24195 | Orc:1    | You fall into a shaft and drop 1 floor!
 24195 | Orc:2    | Entered Level 2 of the Orcish Mines
 24630 | Orc:2    | Found a staircase to the Elven Halls.
 24664 | Orc:2    | Received a gift from Trog
 24857 | Orc:2    | Found Wourhut's Distillery.
 24872 | Orc:2    | Paralysed by an orc sorcerer for 5 turns
 25157 | Orc:2    | Noticed Saint Roka
 25191 | Orc:2    | Killed Saint Roka
 25192 | Orc:2    | Reached XP level 15. HP: 122/139 MP: 8/14
 26074 | Orc:2    | Found Geonn's Armour Shoppe.
 26084 | Orc:2    | Noticed Nessos
 26106 | Orc:2    | Found Ruirch's Magic Scroll Shop.
 26111 | Orc:2    | Killed Nessos
 26161 | Orc:2    | Found Xuuthem's Armour Shop.
 26183 | Orc:2    | Found Ruirch's Magic Scroll Shop.
 26185 | Orc:2    | Found Geonn's Armour Shoppe.
 26225 | Orc:2    | Found a staircase to the Elven Halls.
 27398 | D:14     | Found a sparkling altar of Nemelex Xobeh.
 27410 | D:14     | Found a transporter.
 27443 | D:14     | Found a transporter.
 27499 | D:14     | Identified the ring of Ipuimp {Dex+2 SInv}
 27609 | D:14     | Noticed Azrael
 27633 | D:14     | Killed Azrael
 28398 | D:14     | Found a sparkling altar of Nemelex Xobeh.
 28745 | D:14     | Found a transporter.
 28776 | D:14     | Found a transporter.
 29091 | D:12     | Killed p0werm0de's ghost
 29424 | D:15     | Entered Level 15 of the Dungeon
 29424 | D:15     | Found a gate leading to a gauntlet.
 29476 | Gauntlet | Entered a Gauntlet
 29476 | Gauntlet | Found a transporter.
 29502 | Gauntlet | Found a transporter.
 29511 | Gauntlet | Found a runed translucent door.
 29513 | Gauntlet | Found a transporter.
 29515 | Gauntlet | Found a transporter.
 29528 | Gauntlet | Found a transporter.
 29539 | Gauntlet | Found a transporter.
 29552 | Gauntlet | Found a transporter.
 29564 | Gauntlet | Found a transporter.
 29569 | Gauntlet | Found a transporter.
 29569 | Gauntlet | Found a transporter.
 29596 | Gauntlet | Found a runed translucent door.
 29597 | Gauntlet | Found a transporter.
 29597 | Gauntlet | Found a transporter.
 29598 | Gauntlet | Found a runed translucent door.
 29649 | Gauntlet | Found a transporter.
 29662 | Gauntlet | Found a transporter.
 29769 | Gauntlet | Reached skill level 15 in Fighting
 30055 | Gauntlet | Identified the +4 acid dragon scales "Zyugos" {rElec rCorr}
 30073 | Gauntlet | Identified the +2 steam dragon scales "Ymyetzu" {rElec
                  | Regen+ Dex+3}
 30073 | Gauntlet | Identified the ring "Gainus" {Drain rF+++ rN+ Will+ Str-5}
 30249 | D:15     | Found a staircase to the Depths.
 30294 | D:15     | Found a transporter.
 30311 | D:15     | Found a transporter.
 30312 | D:15     | Noticed Baenteb's ghost (journeyman HOFi)
 30324 | D:15     | Received a gift from Trog
 30630 | D:15     | Found a stormy altar of Qazlal.
 30656 | D:15     | Noticed Odia's ghost (journeyman TeBr)
 30870 | D:15     | Noticed a frost giant
 30873 | Abyss:2  | Found a corrupted altar of Lugonu.
 30873 | Abyss:2  | Cast into level 2 of the Abyss (a wizard)
 30938 | D:15     | Escaped the Abyss
 30947 | D:15     | Reached XP level 16. HP: 149/149 MP: 13/15
 30962 | D:15     | Reached skill level 15 in Armour
 31579 | Shoals:1 | Entered Level 1 of the Shoals
 32111 | Shoals:1 | Found a gateway to a bazaar.
 32784 | Shoals:1 | Reached skill level 15 in Maces & Flails
 33154 | Shoals:1 | Found a gateway to a bazaar.
 34250 | Shoals:2 | Acquired the +1 pair of gloves of Gople {rC++ Will+ MP+9}
 34353 | Shoals:2 | Noticed Polyphemus
 34414 | Shoals:2 | Killed Polyphemus
 36965 | Shoals:4 | Entered Level 4 of the Shoals
 36965 | Shoals:4 | Found a blossoming altar of Fedhas.
 36988 | Shoals:4 | Paralysed by an air elemental for 1 turns
 37227 | Shoals:4 | Received a gift from Trog
 37232 | Shoals:4 | Paralysed by an air elemental for 1 turns
 37417 | Shoals:4 | Paralysed by an air elemental for 1 turns
 37454 | Shoals:4 | Found a stormy altar of Qazlal.
 37864 | Shoals:4 | Found a bloodstained altar of Trog.
 38285 | Shoals:4 | Paralysed by an air elemental for 1 turns
 38293 | Shoals:4 | Reached XP level 17. HP: 158/158 MP: 15/16
 38295 | Shoals:4 | Paralysed by an air elemental for 1 turns
 38538 | Shoals:4 | Paralysed by an air elemental for 1 turns
 38579 | Shoals:4 | Reached skill level 15 in Shields
 38958 | Shoals:4 | Noticed a titan
 38962 | Shoals:4 | HP: 7/159 [merfolk javelineer/silver javelin (5)]
 38963 | Shoals:4 | Hit by a silver javelin thrown by a merfolk javelineer

Illustrated notes

Levels and vault maps discovered:
D:1:      dpeg_chamrin_arrival_tetris, layout_loops_ring
D:2:      layout_rooms, minivault_4, uniq_jessica, uniq_crazy_yiuf_cottage
D:3:      layout_basic, kennysheep_ying_yang, mainiacjoe_overflow_catwalk,
          hellmonk_ecumenical_altar_run_dry, st_stairs_7,
          kennysheep_generic_room_2
D:4:      layout_basic, nicolae_shop_firing_range
D:5:      layout_loops_corners
D:6:      layout_basic
D:7:      layout_loops_ring, mainiacjoe_overflow_24_doors,
          nicolae_ru_great_annihilating_truth, cheibrodos_ashenzari_chains,
          grunt_temple_overflow_gold_and_silver, temple_green, uniq_duvessa
D:8:      nicolae_cairo_tiling_large, layout_cave_pools
D:9:      layout_layer_cave, nicolae_overflow_crystal_walls,
          david_lair_shrubbed, david_orc_3, enter_bailey_4, uniq_erica
D:10:     layout_cave_pools
D:11:     layout_basic, nicolae_kikubaaqudgha_miasma_corner
D:12:     layout_loops_ring, gammafunk_ghost_abyssal_escape
D:13:     layout_basic, david_vaults_5, serial_ice, serial_ice_k, serial_ice_a,
          serial_ice_m, serial_ice_f, serial_ice_c, serial_ice_d, serial_ice_e,
          serial_ice_h, uniq_rupert
D:14:     minmay_wizard_corner, layout_irregular_city, serial_column_ruins,
          column_ruins_pillar_1, column_ruins_pillar_1, column_ruins_pillar_5,
          column_ruins_pillar_4, column_ruins_pillar_1, column_ruins_pillar_1,
          column_ruins_pillar_1, column_ruins_pillar_1, column_ruins_pillar_5,
          column_ruins_pillar_5, column_ruins_pillar_3, column_ruins_pillar_1,
          column_ruins_pillar_2, nemelex_diamond_rough_becter,
          minmay_misc_feat_encased, nicolae_diode_stairs, uniq_azrael
D:15:     grunt_enter_depths_hoard, layout_long_grid,
          nicolae_qazlal_scattered_showers, gauntlet_entry_generic,
          nzn_ghost_randoct, special_room [special_room_orc],
          kennysheep_flooded_box, minmay_fractal_squares_gapless_7
Lair:1:   layout_chaotic_city
Lair:2:   layout_cave_pods, minmay_shoals_entry_hut
Lair:3:   layout_chaotic_city, dummy_spider_entry, st_stairs_13,
          nzn_sisyphean_effort
Lair:4:   layout_misc_corridors, minmay_slime_entry_oklob_enclosed
Lair:5:   hellmonk_lair_end_abyssal_woods, layout_small_grid, st_stairs_13,
          uniq_josephine
Shoals:1: layout_shoals, serial_shops, bzr_entry_safe
Shoals:2: layout_shoals, uniq_polyphemus
Shoals:3: layout_shoals, nicolae_shoals_lost_giant_baths
Shoals:4: shoals_end_hellmonk_storm_palace [storm_palace_center_square,
          storm_palace_corner_altar, storm_palace_corner_altar,
          storm_palace_corner_blocked, storm_palace_corner_altar]
Orc:1:    layout_caves, minmay_orc_keep
Orc:2:    st_orc_elflike, layout_caves, uniq_saint_roka, uniq_nessos

Skill      XL: |  1  2  3  4  5  6  7  8  9 10 11 12 13 14 15 16 17 |
---------------+----------------------------------------------------+-----
Fighting       | 4 5 6 7 8 9 11 12 13 14 15 16 | 16.4
Axes           | 4 |  4.4
Armour         | 3 4 5 6 7 8 9 10 11 12 13 14 15 16 | 16.1
Dodging        | 3 4 5 6 7 8 9 10 11 12 13 14 | 14.9
Maces & Flails | 2 3 4 5 7 8 10 11 12 13 14 15 | 15.7
Shields        | 1 3 5 7 9 10 11 12 13 14 15 | 15.0
Throwing       | 1 5 8 10 11 13 14 | 14.8

Action                   |  1- 3 |  4- 6 |  7- 9 | 10-12 | 13-15 | 16-18 || total
-------------------------+-------+-------+-------+-------+-------+-------++-------
Melee: Hand axe          |    83 |    11 |       |       |       |       ||    94
       Headbutt          |     6 |    14 |    53 |   131 |   378 |   216 ||   798
       Mace              |       |    90 |   226 |   479 |  1279 |   713 ||  2787
       Punch             |       |     1 |     1 |       |       |       ||     2
Throw: Boomerang         |       |       |       |   112 |   381 |   209 ||   702
       Dart              |       |       |       |     8 |     1 |       ||     9
       Javelin           |       |       |       |     1 |     8 |       ||     9
Invok: Berserk           |     2 |     3 |     4 |     9 |    20 |     8 ||    46
       Trog's Hand       |       |       |       |       |     3 |       ||     3
       Brothers in Arms  |       |       |       |       |     2 |       ||     2
  Use: Scroll            |       |       |    12 |       |    21 |     4 ||    37
       Potion            |       |       |       |       |     2 |       ||     2
 Stab: Distracted        |       |       |       |       |     1 |       ||     1
       Petrified         |       |       |       |       |       |    16 ||    16
       Petrifying        |       |       |       |       |       |     1 ||     1
Armor: Animal skin       |    14 |       |       |       |       |       ||    14
       Chain mail        |     7 |    44 |    90 |   162 |       |       ||   303
       Ring mail         |     4 |       |       |       |       |       ||     4
       Plate armour      |       |       |       |     2 |   380 |   166 ||   548
Dodge: Dodged            |    62 |    55 |    90 |   162 |   419 |   312 ||  1100
Block: Buckler           |       |       |    50 |    38 |   351 |   216 ||   655
       Kite shield       |       |       |       |   157 |       |       ||   157
       Reflection        |       |       |       |       |     7 |    22 ||    29
